 Dungeon Crawl Stone Soup version 0.31-a0-1066-g35875b34c7 (webtiles) character file.

Game seed: 9101446365990174109

4188 MackTheKnife the Martial Artist (level 9, -1/66 (70) HPs)
             Began as a Djinni Monk on Nov 22, 2023.
             Was a Priest of Ru.
             Slain by an orc warrior
             ... wielding a +0 halberd
              (3 damage)
             ... on level 9 of the Dungeon.
             The game lasted 00:12:44 (10096 turns).

MackTheKnife the Martial Artist (Djinni Monk)      Turns: 10096, Time: 00:12:44

HP:   -1/66 (70)    AC:  7    Str: 14    XL:     9   Next: 53%
Gold: 284           EV: 16    Int: 11    God:    Ru [***...] SH:  0 Dex: 23

rFire   + +          .
                       - Unarmed
rCold   . . .        c - orb {light}
rNeg    . . .        d - +0 leather armour
rPois   ∞            (no helmet)
rElec   .            w - +0 cloak
rCorr   .            g - +2 pair of gloves
SInv    .            (boots unavailable)
Will    .....        (no amulet) Stlth
                     m - +6 ring of dexterity
HPRegen 0.31/turn    u - ring of protection from cold
MPRegen 0.00/turn

%: infuse magic (-2 HP)
@: exhausted, flying, glowing, studying Shields, drained
A: sickness immunity, fire resistance 2, cold vulnerability 1, no stealth, no
conjurations magic, no hexes magic, no poison magic, inexperienced 1, float,
innate caster, HP casting, extra vitality 1
a: Renounce Religion, Draw Out Power


You were on level 9 of the Dungeon.
You worshipped Ru.
Ru was most pleased with you.
You visited 1 branch of the dungeon, and saw 9 of its levels.

You collected 338 gold pieces.
You spent 54 gold pieces at shops.


Innate Abilities, Weirdness & Mutations

You are immune to sickness and miasma.
You are immune to poison.
Your flesh is very heat resistant. (rF++)
You are vulnerable to cold. (rC-)
You cannot be stealthy.
You cannot study or cast Conjurations magic.
You cannot study or cast Hexes magic.
You cannot study or cast Poison magic.
You are somewhat inexperienced. (-1 XL)
You float through the air rather than walking.
You learn spells naturally, not from books.
Your magical power is your life essence.
You have superior vitality. (+4 MHP)


   Skills:
 - Level 8.0 Fighting
 - Level 6.0 Dodging
 - Level 12.0 Unarmed Combat
 + Level 1.4 Spellcasting
   Level 0.0 Conjurations
   Level 0.0 Hexes
   Level 0.0 Charms
 + Level 1.4 Summonings
 + Level 1.4 Necromancy
 + Level 1.4 Translocations
 + Level 1.4 Transmutations
 + Level 1.4 Fire Magic
 + Level 1.4 Ice Magic
 + Level 1.4 Air Magic
 + Level 1.4 Earth Magic
   Level 0.0 Poison Magic


You knew the following spells:

 Your Spells              Type           Power      Damage    Failure   Level
a - Shock                 Conj/Air       8%         1d3       30%         1
b - Wereblood             Tmut           3%         N/A       32%         2
c - Inner Flame           Hex/Fire       2%         N/A       65%         3
d - Frozen Ramparts       Ice            6%         1d1       54%         3
Your spell library was empty.

Inventory:

Missiles
 j - 34 poisoned darts (quivered) {throwing}
Armour
 c - an orb of light (worn)
 d - a +0 leather armour (worn)
   (You found it on level 1 of the Dungeon)
 g - a +2 pair of gloves (worn)
   (You found it on level 5 of the Dungeon)
 w - a +0 cloak (worn)
   (You found it on level 7 of the Dungeon)
Magical Staves
 f - a staff of cold {staff}
   (You found it on level 1 of the Dungeon)
Jewellery
 b - a ring of fire
   (You found it on level 3 of the Dungeon)
 m - a +6 ring of dexterity (left hand)
   (You found it on level 3 of the Dungeon)
 t - a ring of wizardry
   (You found it on level 5 of the Dungeon)
 u - a ring of protection from cold (right hand)
   (You found it on level 4 of the Dungeon)
 x - a +5 ring of evasion
   (You found it on level 5 of the Dungeon)
Wands
 o - a wand of flame (18)
   (You took it off Ijyb on level 3 of the Dungeon)
 p - a wand of acid (3)
   (You found it on level 8 of the Dungeon)
 y - a wand of polymorph (14)
   (You found it on level 5 of the Dungeon)
 z - a wand of iceblast (5)
   (You found it on level 6 of the Dungeon)
Scrolls
 e - 4 scrolls of teleportation {@r4}
 h - 3 scrolls of vulnerability {!r!r}
 l - a scroll of fog
 s - a scroll of blinking {!r}
 D - a scroll of immolation {!r!r}
 F - a scroll of enchant weapon {unknown}
Potions
 a - 4 potions of curing {@q1}
 i - a potion of invisibility
 k - a potion of degeneration {unknown}
 n - a potion of heal wounds {@q2}
 q - a potion of might
 r - a potion of enlightenment {unknown}
 v - 2 potions of resistance {unknown}
 A - a potion of lignification {unknown}
 B - a potion of mutation {unknown}
 C - a potion of berserk rage {unknown}
 E - a potion of cancellation {unknown}

Dungeon Overview and Level Annotations

Branches:
Dungeon (9/15) Zot: 26422  Temple (0/1) D:4            Lair (0/5) D:9
    Orc: D:9-12

Altars:
Ashenzari
Cheibriados
Elyvilon
Gozag
Makhleb
Nemelex Xobeh
Okawaru
Ru
Trog
Zin
The Shining One

Shops:
D:8 *

Annotations:
D:4 3 runed translucent doors, MrCrawl's ghost, novice DrFE
D:6 2 transporters, othur's ghost, novice DECj

####..##########.#
#..# #.# #..# #.#
#..# #.# #..# #.#
####:.##########.#
.................#
#####.##########)#
#.# #@# #.# #o#
#.# ########o# #..
.........# ...
...oo....# ...
..o..o...#
....o....#
.........#
.........#


You could see an orc warrior and an orc priest.


Message History

You punch the orc!
You kill the orc!
The orc misses you.
You see here a +0 flail {mace}.
You hit the orc.
The orc is stunned by your conviction and fails to attack.
You punch the orc!
You kill the orc!
The orc priest begins to pray, but is stunned by your conviction!
You punch the orc!
You kill the orc!
The orc warrior hits you from afar with a +0 halberd!
You focus your inner power and illuminate the orc warrior in retribution! 😕 HP[-10]
You take 10 damage, and now have 60/70 hp.
The orc priest begins to pray, but is stunned by your conviction!
The orc warrior completely misses you.
Things that are here:
a +0 hand axe {axe}; a +0 whip {mace}; a +0 leather armour You punch the orc warrior!
The orc priest calls upon Beogh to heal the orc warrior.
The orc warrior is healed somewhat.
The orc warrior hits you with a +0 halberd!
You are too injured to fight recklessly! 😮 HP[-10]
You take 10 damage, and now have 50/70 hp.
You are too injured to fight recklessly!
You are too injured to fight recklessly!
You are too injured to fight recklessly!
You are too injured to fight recklessly!
You are too injured to fight recklessly!
You are too injured to fight recklessly!
You are too injured to fight recklessly!
You are too injured to fight recklessly!
You are too injured to fight recklessly!
You are too injured to fight recklessly!
You are too injured to fight recklessly!
You are too injured to fight recklessly!
You are too injured to fight recklessly!
You hit the orc warrior but do no damage.
You hit the orc warrior but do no damage.
The orc priest casts a cantrip, but nothing happens.
The orc warrior hits you with a +0 halberd. 😮 HP[-1]
You take 1 damage, and now have 49/70 hp.
You hit the orc warrior.
The orc warrior hits you but does no damage.
You hit the orc warrior but do no damage.
The orc priest begins to cast a cantrip, but forgets the words!
The orc warrior barely misses you.
You hit the orc warrior.
The orc warrior hits you with a +0 halberd!
* * * LOW HITPOINT WARNING * * *
😨 HP[-14]
You take 14 damage, and now have 35/70 hp.
You hit the orc warrior. 😮 HP[+1]
You are restored by drawing out deep reserves of power within.
You feel drained.
The orc warrior stops glowing.
The orc priest looks satisfied for a moment.
The orc warrior hits you with a +0 halberd. 😮 HP[+12]
You now have 66 max hp (-4).
You regained 12 hp, and now have 48/66 hp.
You hit the orc warrior but do no damage.
The orc warrior hits you with a +0 halberd! 😮 HP[-11]
You take 11 damage, and now have 37/66 hp.
Unknown command.
You hit the orc warrior.
The orc warrior hits you with a +0 halberd.
* * * LOW HITPOINT WARNING * * *
😨 HP[-6]
You take 6 damage, and now have 31/66 hp.
You punch the orc warrior!
The orc priest calls upon Beogh to heal the orc warrior.
The orc warrior is healed somewhat.
The orc warrior hits you with a +0 halberd!
* * * LOW HITPOINT WARNING * * *
Unknown command. 😨 HP[-7]
You take 7 damage, and now have 24/66 hp.
You punch the orc warrior!
The orc priest mumbles some strange prayers to Beogh against you.
Beogh smites you!
* * * LOW HITPOINT WARNING * * *
The orc warrior misses you. 😱 HP[-15]
You take 15 damage, and now have 9/66 hp.
MASSIVE DAMAGE!! (PAUSE)
You hit the orc warrior but do no damage.
You hit the orc warrior.
The orc warrior hits you with a +0 halberd!
* * * LOW HITPOINT WARNING * * *
😱 HP[-8]
You take 8 damage, and now have 1/66 hp.
You hit the orc warrior.
The orc warrior hits you with a +0 halberd.
You die...

Skill      XL: |  1  2  3  4  5  6  7  8  9 |
---------------+----------------------------+-----
Unarmed Combat | 4 5 7 9 11 12 | 12.0
Dodging        | 6 5 |  6.0
Fighting       | 4 6 8 |  8.0
Spellcasting   | 1 |  1.4
Summonings     | 1 |  1.4
Necromancy     | 1 |  1.4
Translocations | 1 |  1.4
Transmutations | 1 |  1.4
Fire Magic     | 1 |  1.4
Ice Magic      | 1 |  1.4
Air Magic      | 1 |  1.4
Earth Magic    | 1 |  1.4

Action                     |  1- 3 |  4- 6 |  7- 9 || total
---------------------------+-------+-------+-------++-------
  Melee: Unarmed           |    96 |   217 |   414 ||   727
  Throw: Dart              |       |     8 |       ||     8
 Invoke: Sacrifice Arcana  |       |     1 |       ||     1
         Sacrifice Experie |       |     1 |       ||     1
         Draw Out Power    |       |       |     3 ||     3
         Sacrifice Stealth |       |       |     1 ||     1
  Evoke: Wand              |       |       |    23 ||    23
    Use: Potion            |       |     1 |     5 ||     6
         Scroll            |       |     5 |     9 ||    14
   Stab: Invisible         |       |       |     6 ||     6
         Sleeping          |       |       |     1 ||     1
         Distracted        |       |       |     4 ||     4
 Armour: Robe              |     8 |       |       ||     8
         Leather armour    |    30 |    94 |   205 ||   329
  Dodge: Dodged            |    48 |   120 |   285 ||   453

Levels and vault maps discovered:
D:1:      dpeg_arrival_tiny_d, layout_rooms, st_stairs_2
D:2:      layout_basic
D:3:      layout_loops_ring, mainiacjoe_overflow_chevrons,
          hellmonk_ecumenical_altar_slurped_away, uniq_ijyb
D:4:      layout_rooms, dreamdust_divine_triumvirate,
          lemuel_coloured_pillars_altar, minmay_temple_entry_mist,
          ebering_ghost_rock_garden
D:5:      layout_gridville, nicolae_overflow_quartered_altars,
          minmay_manual_mess
D:6:      layout_basic, gammafunk_ghost_hive, uniq_jeremiah, uniq_sigmund
D:7:      layout_loops_corners, mainiacjoe_overflow_brackets, minitemple,
          uniq_crazy_yiuf_cottage
D:8:      layout_basic, serial_shops, nicolae_shop_tiny_waterfront
D:9:      layout_long_grid, erik_lair_dragon, nicolae_neqoxec_dot_bat,
          uniq_joseph

Notes
Turn   | Place    | Note
-------+----------+-------------------------------------------
     0 | D:1      | MackTheKnife the Djinni Monk began the quest for the Orb.
     0 | D:1      | Reached XP level 1. HP: 20/20 MP: 0/0
     0 | D:1      | magus.rc [v1.9.6]
   118 | D:1      | Reached XP level 2. HP: 22/25 MP: 0/0
   367 | D:1      | Reached skill level 4 in Unarmed Combat
   367 | D:1      | Reached XP level 3. HP: 18/30 MP: 0/0
   367 | D:1      | Learned a level 1 spell: Shock
  1170 | D:2      | Reached XP level 4. HP: 34/35 MP: 0/0
  1377 | D:2      | Reached skill level 5 in Unarmed Combat
  2067 | D:3      | HP: 6/35 [gnoll/+0 halberd (13)]
  2080 | D:3      | HP: 8/35 [gnoll/+0 spear (6)]
  2085 | D:3      | HP: 4/35 [gnoll/+0 spear (6)]
  2328 | D:3      | Reached XP level 5. HP: 39/40 MP: 0/0
  2328 | D:3      | Learned a level 2 spell: Wereblood
  2414 | D:3      | Found a faded altar of an unknown god.
  2422 | D:3      | Prayed at the altar of an unknown god.
  2422 | D:3      | Became a worshipper of Ru the Awakened
  2451 | D:3      | Gained mutation: You cannot study or cast Poison magic. [Ru
                  | sacrifice]
  2451 | D:3      | Gained mutation: You cannot study or cast Hexes magic. [Ru
                  | sacrifice]
  2451 | D:3      | Gained mutation: You cannot study or cast Conjurations
                  | magic. [Ru sacrifice]
  2451 | D:3      | Reached * piety under Ru
  2561 | D:3      | Noticed Ijyb
  2579 | D:3      | Killed Ijyb
  2646 | D:3      | Reached XP level 6. HP: 44/46 MP: 0/0
  2656 | D:3      | Reached skill level 4 in Dodging
  2785 | D:3      | Found a broken altar of Ashenzari.
  3071 | D:4      | Found a staircase to the Ecumenical Temple.
  3093 | D:4      | Found a runed translucent gate.
  3096 | D:4      | Found a runed translucent gate.
  3100 | D:4      | Found a runed translucent gate.
  3353 | D:4      | Reached skill level 4 in Fighting
  3541 | D:4      | Found a glowing silver altar of Zin.
  3541 | D:4      | Found a white marble altar of Elyvilon.
  3541 | D:4      | Found a glowing golden altar of the Shining One.
  3659 | D:4      | Reached skill level 6 in Unarmed Combat
  3812 | D:4      | Reached XP level 7. HP: 52/52 MP: 0/0
  3812 | D:4      | Learned a level 3 spell: Inner Flame
  3859 | D:4      | Noticed MrCrawl's ghost (novice DrFE)
  3882 | D:5      | Entered Level 5 of the Dungeon
  4146 | D:5      | Reached skill level 5 in Dodging
  4348 | D:5      | Found a snail-covered altar of Cheibriados.
  4349 | D:5      | Found a burning altar of Makhleb.
  5123 | D:5      | Gained mutation: You are somewhat inexperienced. (-1 XL)
                  | [Ru sacrifice]
  5123 | D:5      | Reached XP level 6. HP: 47/47 MP: 0/0
  5123 | D:5      | Reached ** piety under Ru
  5123 | D:5      | Reached *** piety under Ru
  5194 | D:5      | Found a bloodstained altar of Trog.
  5392 | D:6      | Found a transporter.
  5392 | D:6      | Found a transporter.
  5392 | D:6      | Noticed othur's ghost (novice DECj)
  5394 | D:6      | Noticed Jeremiah
  5420 | D:5      | Reached skill level 6 in Dodging
  5420 | D:5      | Reached skill level 7 in Unarmed Combat
  5420 | D:5      | Reached XP level 7. HP: 24/52 MP: 0/0
  5747 | D:6      | Noticed a hornet
  5775 | D:6      | Noticed a queen bee
  5825 | D:6      | Reached skill level 8 in Unarmed Combat
  6047 | D:6      | HP: 9/49 [Jeremiah/+4 trident of draining (11)]
  6060 | D:6      | HP: 6/49 [Jeremiah/+4 trident of draining (11)]
  6072 | D:6      | Killed Jeremiah
  6073 | D:6      | Reached skill level 9 in Unarmed Combat
  6073 | D:6      | Reached XP level 8. HP: 24/58 MP: 0/0
  6249 | D:6      | Reached skill level 10 in Unarmed Combat
  6260 | D:6      | Noticed Sigmund
  6261 | D:6      | Sigmund changed into Sigmund the hound
  6261 | D:6      | Noticed Sigmund
  6271 | D:6      | Killed Sigmund the hound
  6655 | D:7      | Found an opulent altar of Gozag.
  7220 | D:7      | Reached skill level 5 in Fighting
  7472 | D:7      | Found a runed translucent door.
  7473 | D:7      | Noticed Crazy Yiuf
  7737 | D:7      | Found an iron altar of Okawaru.
  7740 | D:7      | Found a sparkling altar of Nemelex Xobeh.
  7906 | D:7      | Crazy Yiuf changed into Crazy Yiuf the howler monkey
  7906 | D:7      | Noticed Crazy Yiuf
  7909 | D:7      | Killed Crazy Yiuf the howler monkey
  8104 | D:8      | HP: 13/60 [water moccasin (6)]
  8115 | D:8      | HP: 14/61 [orc/+0 hand axe (2)]
  8337 | D:8      | Reached skill level 6 in Fighting
  8337 | D:8      | Reached skill level 11 in Unarmed Combat
  8685 | D:8      | Gained mutation: You cannot be stealthy. [Ru sacrifice]
  8716 | D:8      | Reached XP level 9. HP: 67/67 MP: 0/0
  8716 | D:8      | Learned a level 3 spell: Frozen Ramparts
  8889 | D:8      | Found Akumis's Assorted Antiques.
  8896 | D:8      | Bought a blue potion for 27 gold pieces
  8896 | D:8      | Bought a murky coppery potion for 27 gold pieces
  9430 | D:8      | Reached skill level 7 in Fighting
  9579 | D:9      | Noticed an ice devil
  9595 | D:9      | Killed an ice devil
  9596 | D:9      | Noticed a rust devil
  9783 | D:9      | Found a staircase to the Lair.
  9795 | D:9      | Noticed a komodo dragon
  9811 | D:9      | Killed a komodo dragon
  9812 | D:9      | Reached skill level 8 in Fighting
  9812 | D:9      | Reached skill level 12 in Unarmed Combat
  9944 | D:9      | Noticed a komodo dragon
  9948 | D:9      | Killed a komodo dragon
  9949 | D:9      | Reached skill level 1 in Spellcasting
  9949 | D:9      | Reached skill level 1 in Summonings
  9949 | D:9      | Reached skill level 1 in Necromancy
  9949 | D:9      | Reached skill level 1 in Translocations
  9949 | D:9      | Reached skill level 1 in Transmutations
  9949 | D:9      | Reached skill level 1 in Fire Magic
  9949 | D:9      | Reached skill level 1 in Ice Magic
  9949 | D:9      | Reached skill level 1 in Air Magic
  9949 | D:9      | Reached skill level 1 in Earth Magic
 10093 | D:9      | HP: 9/66 [orc priest/divine providence (15)]
 10095 | D:9      | HP: 1/66 [orc warrior/+0 halberd (8)]
 10096 | D:9      | Slain by an orc warrior

Vanquished Creatures
  Jeremiah (D:6)
  An ice devil (D:9)
  2 komodo dragons (D:9)
  A wyvern (D:8)
  A basilisk (D:9)
  A neqoxec (D:9)
  A water moccasin (D:8)
  A swamp drake (D:9)
  2 sky beasts
  An ice beast (D:6)
  3 orc warriors
  A black bear (D:6)
  An ogre (D:6)
  2 centaurs
  2 kobold brigands (D:7)
  2 bullfrogs
  4 scorpions
  3 wights (D:8)
  3 howler monkeys
  6 hounds
  3 jellies
  5 orc priests
  2 sleepcaps
  3 iguanas
  Ijyb (D:3)
  5 orc wizards
  7 gnolls
  3 adders
  A shadow imp (D:5)
  2 white imps (D:6)
  An ufetubus (D:6)
  5 worms
  2 dart slugs
  29 orcs
  12 endoplasms
  2 giant cockroaches
  7 goblins
  10 hobgoblins
  5 jackals
  15 kobolds
  5 quokkas
  7 ball pythons
  2 bats
  6 frilled lizards
  6 rats
185 creatures vanquished.

Vanquished Creatures (others)
  An orc wizard (D:6)
  An ufetubus (D:6)
  An orc (D:7)
3 creatures vanquished.

Grand Total: 188 creatures vanquished

Table legend:
 A = Non-vault XP
 B = Vault XP
 C = Vault XP percentage of total XP
 D = Non-vault monster count
 E = Vault monster count
 F = Vault count percentage of total count
                 A         B        C        D         E       F
            +---------+---------+-------+---------+---------+-------
      Total |    3910 |    2074 |  34.7 |     169 |      18 |   9.6
            +---------+---------+-------+---------+---------+-------
        D:1 |      57 |       4 |   6.6 |      25 |       2 |   7.4
        D:2 |      54 |       0 |   0.0 |      23 |       0 |   0.0
        D:3 |     161 |      38 |  19.1 |      24 |       2 |   7.7
        D:4 |     205 |      46 |  18.3 |      15 |       2 |  11.8
        D:5 |     556 |      48 |   7.9 |      13 |       3 |  18.8
        D:6 |     684 |     413 |  37.6 |      15 |       2 |  11.8
        D:7 |     752 |      51 |   6.4 |      24 |       1 |   4.0
        D:8 |    1432 |       0 |   0.0 |      27 |       0 |   0.0
        D:9 |       9 |    1474 |  99.4 |       3 |       6 |  66.7
            +---------+---------+-------+---------+---------+-------

Skill      XL: |  1  2  3  4  5  6  7  8  9 |
---------------+----------------------------+-----
Unarmed Combat | 4 5 7 9 11 12 | 12.0
Dodging        | 6 5 |  6.0
Fighting       | 4 6 8 |  8.0
Spellcasting   | 1 |  1.4
Summonings     | 1 |  1.4
Necromancy     | 1 |  1.4
Translocations | 1 |  1.4
Transmutations | 1 |  1.4
Fire Magic     | 1 |  1.4
Ice Magic      | 1 |  1.4
Air Magic      | 1 |  1.4
Earth Magic    | 1 |  1.4

Action                     |  1- 3 |  4- 6 |  7- 9 || total
---------------------------+-------+-------+-------++-------
  Melee: Unarmed           |    96 |   217 |   414 ||   727
  Throw: Dart              |       |     8 |       ||     8
 Invoke: Sacrifice Arcana  |       |     1 |       ||     1
         Sacrifice Experie |       |     1 |       ||     1
         Draw Out Power    |       |       |     3 ||     3
         Sacrifice Stealth |       |       |     1 ||     1
  Evoke: Wand              |       |       |    23 ||    23
    Use: Potion            |       |     1 |     5 ||     6
         Scroll            |       |     5 |     9 ||    14
   Stab: Invisible         |       |       |     6 ||     6
         Sleeping          |       |       |     1 ||     1
         Distracted        |       |       |     4 ||     4
 Armour: Robe              |     8 |       |       ||     8
         Leather armour    |    30 |    94 |   205 ||   329
  Dodge: Dodged            |    48 |   120 |   285 ||   453

Illustrated notes

Table legend:
 A = Kills in this place as a percentage of kills in the entire game.
 B = Kills by you in this place as a percentage of kills by you in the entire game.
 C = Kills by friends in this place as a percentage of kills by friends in the entire game.
 D = Other kills in this place as a percentage of other kills in the entire game.
 E = Experience gained in this place as a percentage of experience gained in the entire game.
 F = Experience gained in this place divided by the number of levels of this place that you have seen.
                   A       B       C       D       E      F
               +-------+-------+-------+-------+-------+----------------------
         Total | 100.0 | 100.0 |   N/A | 100.0 | 100.0 | 664.9
       Dungeon | 100.0 | 100.0 |   N/A | 100.0 | 100.0 | 664.9
               +-------+-------+-------+-------+-------+----------------------

Table legend: (Time is in decaauts)
 A = Elapsed time spent in this place.
 B = Non-inter-level travel time spent in this place.
 C = Inter-level travel time spent in this place.
 D = Time resting spent in this place.
 E = Time spent auto-exploring this place.
 F = Levels seen in this place.
 G = Mean time per level.
                   A        B        C        D        E       F      G
               +--------+--------+--------+--------+--------+-----+--------+
         Total |   9996 |   9565 |    431 |   2243 |   5813 |   9 | 1110.7 |
       Dungeon |   9996 |   9565 |    431 |   2243 |   5813 |   9 | 1110.7 |
               +--------+--------+--------+--------+--------+-----+--------+

Top non-repeatable levels by time:
     D:7: 1613 daAuts
     D:5: 1510 daAuts
     D:8: 1308 daAuts
     D:2: 1130 daAuts
     D:3: 1047 daAuts
     D:6: 991 daAuts
     D:4: 984 daAuts
     D:1: 833 daAuts
     D:9: 576 daAuts
